 Dungeon Crawl Stone Soup version 0.31.0-1-g2c135a008e (webtiles) character file.

Game seed: 7293215051080119169

79 qw the Shooter (level 4, -3/34 HPs)
             Began as a Djinni Hunter on Jan 24, 2024.
             Slain by an iguana (13 damage)
             ... on level 3 of the Dungeon.
             The game lasted 00:00:04 (1432 turns).

qw the Shooter (Djinni Hunter)                      Turns: 1432, Time: 00:00:05

Health: -3/34      AC:  3    Str: 10    XL:     4   Next: 64%
Gold:   88         EV: 11    Int: 16    God:
                   SH:  0    Dex: 22

rFire   + + .        a - +0 shortbow
rCold   x . .        (shield currently unavailable)
rNeg    + . .        e - +0 ring mail
rPois   inf          (no helmet)
rElec   .            (no cloak)
rCorr   .            f - +0 pair of gloves
SInv    .            (boots unavailable)
Will    .....        (no amulet)
Stlth   +            d - ring of positive energy
HPRegen 0.25/turn    c - ring of Anuy {Int+6 Dex+3 Slay+2}
MPRegen 0.00/turn

%: infuse magic (-4 HP)
@: flying
A: sickness immunity, fire resistance 2, cold vulnerability 1, float, innate
caster, HP casting, extra vitality 1, deformed body
a: no special abilities


You were on level 3 of the Dungeon.
You visited 1 branch of the dungeon, and saw 3 of its levels.

You collected 88 gold pieces.


Innate Abilities, Weirdness & Mutations

You are immune to sickness and miasma.
You are immune to poison.
Your flesh is very heat resistant. (rF++)
You are vulnerable to cold. (rC-)
You float through the air rather than walking.
You learn spells naturally, not from books.
Your magical power is your life essence.
You have superior vitality. (+4 MHP)
Armour fits poorly on your strangely shaped body.


   Skills:
 + Level 2.6 Fighting
 - Level 4.3 Ranged Weapons
 - Level 1.0 Armour
 - Level 2.1 Dodging
 - Level 0.7 Stealth


You knew the following spells:

 Your Spells              Type           Power      Damage    Failure   Level
a - Slow                  Hex            0%         N/A       54%         1
Your spell library was empty.

Inventory:

Hand Weapons
 a - a +0 shortbow (weapon)
Armour
 e - a +0 ring mail (worn)
 f - a +0 pair of gloves (worn)
Jewellery
 c - the ring of Anuy (right hand) {Int+6 Dex+3 Slay+2}
   (You found it on level 2 of the Dungeon)

   [ring of intelligence]

   Int+6:     It affects your intelligence (+6).
   Dex+3:     It affects your dexterity (+3).
   Slay+2:    It affects your accuracy & damage with ranged weapons and melee
   (+2).
 d - a ring of positive energy (left hand)
Scrolls
 b - a scroll of teleportation {unknown}
 g - a scroll of identify

Dungeon Overview and Level Annotations

Branches:
Dungeon (3/15)

Altars:


Message History

HP restored.
Things that are here:
2 stones; a hobgoblin corpse
Found a long sword.
A rat comes into view.
You shoot an arrow. The arrow hits the rat.
The rat squeaks loudly.
The rat is moderately wounded.
You shoot an arrow. The arrow barely misses the rat.
You shoot an arrow. The arrow closely misses the rat.
You shoot an arrow. The arrow barely misses the rat.
You shoot an arrow. The arrow closely misses the rat.
The rat barely misses you.
You shoot an arrow. The arrow hits the rat.
You kill the rat!
b - a scroll labelled WEOTOQOFURGH
Found an escape hatch in the ceiling.
An iguana comes into view.
You shoot an arrow. The arrow hits the iguana.
The iguana is lightly wounded.
You shoot an arrow. The arrow hits the iguana.
The iguana is lightly wounded.
You shoot an arrow. The arrow barely misses the iguana.
You shoot an arrow. The arrow hits the iguana.
The iguana is moderately wounded.
You shoot an arrow. The arrow completely misses the iguana.
The iguana bites you.
You shoot an arrow.
The arrow hits the iguana but does no damage.
The iguana is moderately wounded.
The iguana bites you.
You shoot an arrow. The arrow hits the iguana.
The iguana is heavily wounded.
The iguana bites you.
You shoot an arrow. The arrow hits the iguana.
The iguana is almost dead.
The iguana bites you! The iguana barely misses you.
You shoot an arrow. The arrow barely misses the iguana.
The iguana bites you!
You die...

## ################ ~~
~~~~~~~~~~~~~~~#### ~~
~~~~~~~~~~~~~~~~~~~ ~~
~~~~~~~~~~~~~~~~~~~ ~.
~.~~~~.~~~.~~~.~.~~ ..
................... ..
...........@l......
#######.###..####...####
..................###
###########.#######
#.####.# ######.#....#
...........##
.####..#.#.# ## #..#.#.#


You could see an iguana.

Vanquished Creatures
  A bombardier beetle (D:2)
  A dart slug (D:2)
  A ribbon worm (D:2)
  2 ball pythons (D:2)
  3 endoplasms
  2 giant cockroaches (D:2)
  10 goblins
  4 hobgoblins
  A quokka (D:1)
  4 bats
  A frilled lizard (D:2)
  5 kobolds
  3 rats
38 creatures vanquished.

Notes
Turn   | Place    | Note
-------+----------+-------------------------------------------
     0 | D:1      | qw the Djinni Hunter began the quest for the Orb.
     0 | D:1      | Reached XP level 1. HP: 18/18 MP: 0/0
     0 | D:1      | 0 ||| qw: Version: 0.3-a-136-gdd3b4e8
     0 | D:1      | 0 ||| qw: Game counter: 1388
     0 | D:1      | 0 ||| qw: Melee chars always use a shield: true
     0 | D:1      | 0 ||| qw: God list: Okawaru
     0 | D:1      | 0 ||| qw: Allow faded altars: false
     0 | D:1      | 0 ||| qw: Do Orc after clearing Dungeon:15 true
     0 | D:1      | 0 ||| qw: Do second Lair branch before Depths: true
     0 | D:1      | 0 ||| qw: Lair rune preference: random
     0 | D:1      | 0 ||| qw: Goals: Normal
     0 | D:1      | 0 ||| PLANNING D:1-11
   126 | D:1      | Reached XP level 2. HP: 23/23 MP: 0/0
   486 | D:1      | 486 ||| UPGRADING to +0 ring mail.
   496 | D:1      | 496 ||| DROPPING +0 leather armour.
   497 | D:1      | 497 ||| UPGRADING to +0 pair of gloves.
   502 | D:1      | 502 ||| UPGRADING to ring of positive energy.
   503 | D:1      | 503 ||| DROPPING scroll of butterflies.
   548 | D:2      | Identified the ring of Anuy {Int+6 Dex+3 Slay+2}
   610 | D:2      | Reached skill level 1 in Armour
   651 | D:2      | Noticed a bombardier beetle
   654 | D:2      | Reached XP level 3. HP: 28/28 MP: 0/0
   654 | D:2      | Learned a level 1 spell: Slow
   662 | D:2      | Reached skill level 4 in Ranged Weapons
   662 | D:2      | Reached XP level 4. HP: 31/33 MP: 0/0
  1288 | D:2      | 1288 ||| UPGRADING to ring of Anuy {Int+6 Dex+3 Slay+2}.
  1289 | D:2      | 1289 ||| READING scroll labelled IXZAACZ WACIY.
  1290 | D:2      | 1290 ||| READING 2 scrolls labelled NOLIALENYCK.
  1290 | D:2      | 1290 ||| IDENTIFYING 2 bubbling grey potions
  1291 | D:2      | 1291 ||| DRINKING 2 potions of mutation.
  1291 | D:2      | Gained mutation: You possess an exceptional clarity of
                  | mind. [potion of mutation]
  1292 | D:2      | 1292 ||| DRINKING potion of mutation.
  1292 | D:2      | Lost mutation: You possess an exceptional clarity of mind.
                  | [potion of mutation]
  1292 | D:2      | Gained mutation: Armour fits poorly on your strangely
                  | shaped body. [potion of mutation]
  1432 | D:3      | Slain by an iguana

Levels and vault maps discovered:
D:1:      amcnicky_arrival_blooded_trapdoor, layout_basic
D:2:      layout_loops_ring
D:3:      minmay_goblin_kobold_castle, layout_rooms,
          mainiacjoe_overflow_catch_the_wave, serial_shops, shop

Skill      XL: |  1  2  3 |
---------------+----------+-----
Armour         | 1 |  1.0
Ranged Weapons | 4 |  4.3
Fighting       | |  2.6
Dodging        | |  2.1
Stealth        | |  0.7

Action                     |  1- 3 |  4- 6 || total
---------------------------+-------+-------++-------
   Fire: Shortbow          |    48 |    65 ||   113
    Use: Scroll            |       |     2 ||     2
         Potion            |       |     2 ||     2
 Armour: Leather armour    |     1 |       ||     1
         Ring mail         |    14 |    26 ||    40
  Dodge: Dodged            |     3 |    18 ||    21

Table legend:
 A = Non-vault XP
 B = Vault XP
 C = Vault XP percentage of total XP
 D = Non-vault monster count
 E = Vault monster count
 F = Vault count percentage of total count
                 A         B        C        D         E       F
            +---------+---------+-------+---------+---------+-------
      Total |     108 |       6 |   5.3 |      34 |       4 |  10.5
            +---------+---------+-------+---------+---------+-------
        D:1 |      15 |       0 |   0.0 |      10 |       0 |   0.0
        D:2 |      90 |       0 |   0.0 |      22 |       0 |   0.0
        D:3 |       3 |       6 |  66.7 |       2 |       4 |  66.7
            +---------+---------+-------+---------+---------+-------
